 Dungeon Sprint DCSS version 0.27-a0-1565-gad902ab807 (webtiles) character file.

Game seed: 2692676353504723702

8033 mhtbhm the Severer (level 11, -6/107 HPs)
             Began as a Minotaur Fighter on July 16, 2021.
             Was the Champion of Qazlal.
             Succumbed to a redback's poison
             ... in the Dungeon (Sprint VII: "The Pits").
             The game lasted 00:02:18 (1396 turns).

mhtbhm the Severer (Minotaur Fighter)               Turns: 1396, Time: 00:02:19

Health: -6/107     AC: 16    Str: 30    XL:     11   Next: 4%
Magic:  17/17      EV: 11    Int:  5    God:    Qazlal [******]
Gold:   0          SH: 22    Dex: 10    Spells: 10/10 levels left

rFire    . . .     SeeInvis +   a - +1 broad axe (freeze)
rCold    . . .     Faith    .   c - +0 kite shield
rNeg     . . .     Spirit   .   b - +4 scale mail
rPois    .         Reflect  .   s - +1 hat {SInv}
rElec    .         Harm     .   r - +0 cloak
rCorr    .         Rampage  .   (no gloves)
Will     .....     NoTele   +   (no boots)
Stlth    ..........             (no amulet)
HPRegen  0.27/turn              n - +3 ring of strength
MPRegen  0.15/turn              p - +3 ring of strength

@: lethally poisoned (-6 -> -98), repel missiles
A: horns 2, retaliatory headbutt
a: Renounce Religion, Upheaval, Elemental Force, Disaster Area


You were in the Dungeon.
You worshipped Qazlal.
Qazlal was exalted by your worship.
You visited 1 branch

Inventory:

Hand Weapons
 a - a +1 broad axe of freezing (weapon)
Armour
 b - a +4 scale mail (worn)
 c - a +0 kite shield (worn)
 r - a +0 cloak (worn)
 s - a +1 hat of see invisible (worn)
Jewellery
 n - a +3 ring of strength (left hand)
 p - a +3 ring of strength (right hand)
Scrolls
 j - a scroll of blinking
 l - 5 scrolls of amnesia
 m - a scroll of summoning
Potions
 d - 2 potions of might
 e - 7 potions of curing
 f - 12 potions of heal wounds
 g - a potion of haste
 h - 4 potions of magic
 i - 2 potions of berserk rage
 k - 2 potions of invisibility
 o - 2 potions of brilliance
 q - a potion of mutation


   Skills:
 + Level 13.3 Fighting
 + Level 17.0 Axes
 + Level 13.3 Armour
 + Level 3.0 Dodging
 + Level 2.2 Stealth
 + Level 14.4 Shields
 * Level 10.2 Invocations


You had 10 spell levels left.
You didn't know any spells.
Your spell library was empty.

Dungeon Overview and Level Annotations

Branches:
Dungeon (1/1)

Altars:
Ashenzari
Cheibriados
Dithmenos
Elyvilon
Fedhas
Gozag
Hepliaklqana
Kikubaaqudgha
Makhleb
Nemelex Xobeh
Okawaru
Qazlal
Ru
Sif Muna
Trog
Uskayaw
Vehumet
Wu Jian
Xom
Yredelemnul
Zin
The Shining One
Beogh
Jiyva
Lugonu


Innate Abilities, Weirdness & Mutations

You have a pair of horns on your head.
You reflexively headbutt those who attack you in melee.


Message History

The redback bites you but does no damage.
The sea snake is engulfed in freezing vapours.
The sea snake bites you but does no damage.
The redback bites you.
The sea snake is engulfed in freezing vapours.
The sea snake seems to slow down.
The sea snake bites you.
You are lethally poisoned!
The sea snake poisons you!
You feel extremely sick. The redback bites you!
You are more poisoned.
The redback poisons you!
You can move again.
You closely miss the sea snake. Your headbutt misses the sea snake.
The sea snake is moderately wounded.
You slice the redback!! You freeze the redback.
You feel extremely sick. The redback bites you.
* * * LOW HITPOINT WARNING * * *
You are more poisoned.
The redback poisons you!
The sea snake is engulfed in freezing vapours.
You block the sea snake's attack. You block the redback's attack.
The floating eye seems to glare at you.
You closely miss the sea snake. You headbutt the sea snake!
The sea snake is severely wounded.
You slash the redback! You freeze the redback.
You kill the redback!
Qazlal accepts your kill.
* * * LOW HITPOINT WARNING * * *
You feel extremely sick. You block the sea snake's attack.
The floating eye gazes piercingly through you!
You shrug off the repeated paralysis!
Your Axes skill increases to level 17!
Your Dodging skill increases to level 3!
You hit the sea snake. You freeze the sea snake.
The sea snake is severely wounded.
You slash the wraith! You freeze the wraith.
You die...

....##..#..#####.##
....##..#....##...#
....##..'.....#...#
######..'.....'...+
######..'.)...#...#
..[.##..#....##...#
..[.##..#..#####.##
..))##..####...#'######.
..))##..##....GS@○......
..))##..#.....○W§......#
########################


You could see a sea snake (slow), a wraith and a floating eye.

Vanquished Creatures
  Gastronok (D)
  A vampire knight (D)
  A hydra (D)
  A sun demon (D)
  An orange demon (D)
  A gargoyle (D)
  An unseen horror (D)
  A rime drake (D)
  An ice devil (D)
  A troll (D)
  A merfolk (D)
  3 blink frogs (D)
  A snapping turtle (D)
  A large abomination (D)
  A shadow (D)
  A redback (D)
  4 yaks (D)
  2 wargs (D)
  2 floating eyes (D)
  A kobold brigand (D)
  A bullfrog (D)
  An earth elemental (D)
  An adder (D)
  A white imp (D)
  An ufetubus (D)
  A worm (D)
  2 orcs (D)
  A giant cockroach (D)
  2 goblins (D)
  3 hobgoblins (D)
  A quokka (D)
  A bat (D)
  A frilled lizard (D)
  A kobold (D)
  2 rats (D)
47 creatures vanquished.

Notes
Turn   | Place    | Note
-------+----------+-------------------------------------------
     0 | D        | mhtbhm the Minotaur Fighter began the quest for the Orb.
     0 | D        | Reached XP level 1. HP: 19/19 MP: 0/0
    19 | D        | Found a bloodstained altar of Trog.
    19 | D        | Found a shimmering blue altar of Sif Muna.
    19 | D        | Found a viscous altar of Jiyva.
    19 | D        | Found a hazy altar of Hepliaklqana.
    19 | D        | Found an opulent altar of Gozag.
    20 | D        | Found a glowing golden altar of the Shining One.
    20 | D        | Found a glowing silver altar of Zin.
    20 | D        | Found a basalt altar of Yredelemnul.
    20 | D        | Found a shimmering altar of Xom.
    20 | D        | Found an ornate altar of the Wu Jian Council.
    20 | D        | Found a sacrificial altar of Ru.
    20 | D        | Found a stormy altar of Qazlal.
    20 | D        | Found an iron altar of Okawaru.
    20 | D        | Found a sparkling altar of Nemelex Xobeh.
    20 | D        | Found a burning altar of Makhleb.
    20 | D        | Found a blossoming altar of Fedhas.
    20 | D        | Found a white marble altar of Elyvilon.
    20 | D        | Found a shadowy altar of Dithmenos.
    20 | D        | Found a snail-covered altar of Cheibriados.
    22 | D        | Found a radiant altar of Vehumet.
    22 | D        | Found a corrupted altar of Lugonu.
    24 | D        | Found an ancient bone altar of Kikubaaqudgha.
    24 | D        | Found a hide-covered altar of Uskayaw.
    24 | D        | Found a broken altar of Ashenzari.
    27 | D        | Became a worshipper of Qazlal Stormbringer
    65 | D        | Noticed a floating eye
    66 | D        | Paralysed by a floating eye for 3 turns
    71 | D        | Killed a floating eye
    72 | D        | Reached skill level 4 in Axes
    72 | D        | Reached XP level 2. HP: 30/31 MP: 1/1
    72 | D        | Reached XP level 3. HP: 36/38 MP: 2/2
    72 | D        | Reached XP level 4. HP: 43/45 MP: 3/3
    82 | D        | Reached * piety under Qazlal
    91 | D        | Noticed a floating eye
    93 | D        | Paralysed by a floating eye for 2 turns
    96 | D        | Killed a floating eye
    96 | D        | Reached ** piety under Qazlal
    97 | D        | Reached skill level 5 in Axes
    97 | D        | Reached XP level 5. HP: 54/56 MP: 4/4
   166 | D        | Reached *** piety under Qazlal
   182 | D        | Reached skill level 6 in Axes
   182 | D        | Reached XP level 6. HP: 63/63 MP: 5/5
   183 | D        | Reached **** piety under Qazlal
   233 | D        | Killed an unseen horror
   234 | D        | Reached skill level 8 in Axes
   234 | D        | Reached skill level 10 in Armour
   234 | D        | Reached skill level 10 in Shields
   234 | D        | Reached XP level 7. HP: 7/71 MP: 6/6
   543 | D        | Reached ***** piety under Qazlal
   550 | D        | Noticed a large abomination
   550 | D        | Noticed a yak
   550 | D        | Noticed a yak
   550 | D        | Noticed a yak
   550 | D        | Noticed a yak
   557 | D        | Killed a yak
   558 | D        | Reached skill level 9 in Axes
   558 | D        | Reached skill level 1 in Dodging
   558 | D        | Killed a yak
   559 | D        | Reached skill level 10 in Fighting
   559 | D        | Reached skill level 10 in Axes
   562 | D        | Killed a yak
   563 | D        | Reached XP level 8. HP: 79/79 MP: 6/9
   582 | D        | Reached skill level 11 in Axes
   602 | D        | Killed a large abomination
   802 | D        | Noticed a gargoyle
   808 | D        | Killed a gargoyle
   808 | D        | Reached ****** piety under Qazlal
   809 | D        | Reached skill level 12 in Axes
   809 | D        | Reached skill level 5 in Invocations
   814 | D        | Noticed Gastronok
   818 | D        | Noticed a vampire knight
   821 | D        | Noticed a seven-headed hydra
   823 | D        | Killed Gastronok
   824 | D        | Reached skill level 13 in Axes
   824 | D        | Reached skill level 1 in Stealth
   824 | D        | Reached XP level 9. HP: 58/90 MP: 11/13
   830 | D        | Killed a 13-headed hydra
   830 | D        | Paralysed by a vampire knight for 2 turns
   831 | D        | Reached skill level 14 in Axes
   831 | D        | Reached XP level 10. HP: 34/97 MP: 11/15
   833 | D        | HP: 2/145 [vampire knight (9)]
   835 | D        | Killed a vampire knight
   836 | D        | Reached skill level 15 in Axes
  1214 | D        | Noticed a sun demon
  1220 | D        | Killed a sun demon
  1240 | D        | Noticed an orange demon
  1254 | D        | Killed an orange demon
  1255 | D        | Reached skill level 16 in Axes
  1376 | D        | Reached skill level 10 in Invocations
  1389 | D        | Noticed a sea snake
  1391 | D        | Paralysed by a floating eye for 2 turns
  1392 | D        | Reached XP level 11. HP: 94/107 MP: 17/17
  1396 | D        | Reached skill level 17 in Axes
  1396 | D        | Succumbed to a redback's poison

Illustrated notes

Levels and vault maps discovered:
D:        pitsprint [storerooms_1, entrance_room_1, metal_vault_1, armoury_1,
          mini_pit_1, grid_room_1, main_hall_1, silver_pit, the_coven_3,
          the_vestibule_1, steel_vault_5, golden_pit, hallway_of_sentries,
          crystal_vault_2, iron_vault_1, final_vault]

Skill      XL: |  1  2  3  4  5  6  7  8  9 10 11 |
---------------+----------------------------------+-----
Fighting       | 6 8 9 10 11 12 13 | 13.3
Armour         | 6 8 10 12 13 | 13.3
Shields        | 6 8 10 13 14 | 14.4
Axes           | 4 5 6 8 10 13 14 16 17 | 17.0
Dodging        | 1 2 3 |  3.0
Invocations    | 3 7 8 10 | 10.2
Stealth        | 1 2 |  2.2

Action                   |  1- 3 |  4- 6 |  7- 9 | 10-12 || total
-------------------------+-------+-------+-------+-------++-------
Melee: Hand axe          |     3 |    54 |    58 |       ||   115
       Headbutt          |     1 |     6 |    17 |    10 ||    34
       Broad axe         |       |       |    15 |    52 ||    67
  Use: Potion            |       |       |     1 |       ||     1
Armor: Scale mail        |     2 |     4 |    11 |     8 ||    25
       Chain mail        |       |    20 |     6 |       ||    26
Dodge: Dodged            |     1 |     3 |     3 |     9 ||    16
Block: Kite shield       |       |    31 |    42 |    44 ||   117

Table legend: (Time is in decaauts)
 A = Elapsed time spent in this place.
 B = Non-inter-level travel time spent in this place.
 C = Inter-level travel time spent in this place.
 D = Time resting spent in this place.
 E = Time spent auto-exploring this place.
 F = Levels seen in this place.
 G = Mean time per level.
                   A        B        C        D        E       F      G
               +--------+--------+--------+--------+--------+-----+--------+
         Total |   1392 |   1392 |      0 |    745 |     31 |   1 | 1392.0 |
       Dungeon |   1392 |   1392 |      0 |    745 |     31 |   1 | 1392.0 |
               +--------+--------+--------+--------+--------+-----+--------+

Top non-repeatable levels by time:
       D: 1392 daAuts
